Unix NetHack Version 5.0.0-0 post-release - last build Jun 10 2026 00:39:30 (3ee93aec679c4c4259841fe613dc97188e26a321,branch:main).

Game began 2026-06-24 06:46:14, ended 2026-06-24 06:57:43.

DiePARTEI, neutral male human Tourist

                                                                ------
                                                          -------.--.----
                                                        ---.|.--........--
                                                    --- |................--
                                               ------.---.................|
                                               |...........<....@).)..--..|
                                               |...............h--...d| ---
                        -   ---    ------- ------...............|----.---  --
                        |.................>.......G...G.........|   --..|--.--
                                   -#----   -----...............------..--...|
                                 -............................[..............|
              |..........................    ------.................----------
              -       ----   -  ---------         |...................|
                                                  --.....................|
                                                   |.....................|
                                                   -.......^...........---
                                                  .....................|
                                                ......................--
                                              ...............--.......|
                                              -.|.|.|.--.--.----.|.----
                                              ---------------   ----
DiePARTEI the Rambler       St:12 Dx:11 Co:13 In:13 Wi:11 Ch:16  Neutral
Dlvl:3  $:549 HP:0(23) Pw:7(7) AC:9  Xp:2 T:941 

Latest messages:
 The gnome is killed!
 You see here a scroll of magic mapping.
 The dog drops a slime mold.
 You learn more about your items by comparing them.
 h - an uncursed scroll of magic mapping (5 in total).
 You hear crashing rock.
 The dwarf throws a dart!
 You are hit by a dart.
 B - a dart.
 The dwarf throws a dart!
 You are hit by a dart.
 There is nothing here to pick up.
 You swap places with your dog.
 The dwarf throws a dart!
 You are hit by a dart.
 There is nothing here to pick up.
 The dwarf throws a dart!
 You are almost hit by a dart.
 B - a dart (2 in total).
 The dwarf throws a dart!
 You are hit by a dart.
 There is nothing here to pick up.
 The dog bites it.
 The dog bites it.
 It thrusts one of its daggers at the dog.
 It hits the dog.
 The dog bites it.
 The gnome tries to wield a bow.
 The gnome's daggers are welded to his hand!
 The dog misses the gnome.
 You kill the gnome!
 There are several objects here.
 C - a slime mold.
 D - a scroll labeled ASHPD SODALG.
 You carefully open the bag...
 It develops a huge set of teeth and bites you!
 E - a bag of tricks.
 The dwarf swings her broad pick.
 The dwarf hits!
 You already found a monster.  Use 'm' prefix to force another search.
 In what direction? 1
 The dart misses the dwarf.
 The dwarf swings her broad pick.
 The dwarf hits!
 You die...
 Do you want your possessions identified? [ynq] (y) y
 Do you want to see your attributes? [ynq] (y) y
 Do you want an account of creatures vanquished? [ynaq] (y) y
 Do you want to see your conduct and achievements? [ynq] (y) y
 Do you want to see the dungeon overview? [ynq] (y) y

Inventory:
 Coins    ('$')
  $ - 549 gold pieces
 Weapons  (')')
  a - 22 +2 darts (at the ready)
  B - 2 +0 darts
  A - a +0 elven dagger
 Armor    ('[')
  l - an uncursed +0 orcish helm (being worn)
  i - a blessed +0 Hawaiian shirt with a sailboat motif (being worn)
 Comestibles  ('%')
  C - an uncursed slime mold
  c - an uncursed cream pie
  b - 7 uncursed food rations
  e - an uncursed fortune cookie
  d - an uncursed pancake
  f - 2 uncursed tins of boiled jackal meat
 Scrolls  ('?')
  r - an uncursed scroll of earth
  D - an uncursed scroll of gold detection
  h - 5 uncursed scrolls of magic mapping
  s - an uncursed scroll of remove curse
 Spellbooks  ('+')
  n - an uncursed spellbook of protection
 Potions  ('!')
  y - an uncursed potion of blindness
  g - an uncursed potion of extra healing
  o - a blessed potion of speed
 Rings    ('=')
  u - an uncursed ring of regeneration (on left hand)
 Wands    ('/')
  w - a wand of make invisible (0:3)
 Tools    ('(')
  E - a bag of tricks (0:17)
  k - an uncursed credit card
  j - an expensive camera (0:91)
 Gems/Stones  ('*')
  t - 2 uncursed opals
  z - an uncursed flint stone

DiePARTEI the Tourist's attributes:

Background:
 You were a Rambler, a level 2 male human Tourist.
 You were neutral, on a mission for The Lady
 who was opposed by Blind Io (lawful) and Offler (chaotic).
 You were right-handed.
 You were in the Gnomish Mines, on level 3.
 You entered the dungeon 941 turns ago.
 You had 38 experience points, 2 more were needed to attain level 3.

Basics:
 You had 0 out of 23 hit points.
 You had all 7 energy points (spell power).
 Your armor class was 9.
 Your wallet contained 549 zorkmids.
 Autopickup was off.

Final Characteristics:
 Your strength was 12 (limit:18/100).
 Your dexterity was 11 (limit:18).
 Your constitution was 13 (limit:18).
 Your intelligence was 13 (limit:18).
 Your wisdom was 11 (limit:18).
 Your charisma was 16 (limit:18).

Final Status:
 You weren't hungry.
 You were unencumbered.
 You were bare handed.
 You were unskilled in bare handed combat.

Final Attributes:
 You were devoutly aligned.
 You regenerated.
 You are dead.

Miscellaneous:
 You didn't encounter any bones levels.
 Total elapsed playing time was 11 minutes and 27 seconds.

Major events:
 Turn
    1: DiePARTEI the neutral male human Tourist entered the dungeon
  826: entered the Gnomish Mines
  941: killed by a dwarf

You didn't know any spells.

Skills:
 Fighting Skills
   bare handed combat [Unskilled]
   two weapon combat  [Unskilled]
   riding             [Unskilled]
 Weapon Skills
   dagger             [Unskilled]
   knife              [Unskilled]
   axe                [Unskilled]
   pick-axe           [Unskilled]
   short sword        [Unskilled]
   broadsword         [Unskilled]
   long sword         [Unskilled]
   two-handed sword   [Unskilled]
   saber              [Unskilled]
   mace               [Unskilled]
   morning star       [Unskilled]
   flail              [Unskilled]
   hammer             [Unskilled]
   quarterstaff       [Unskilled]
   polearms           [Unskilled]
   spear              [Unskilled]
   trident            [Unskilled]
   lance              [Unskilled]
   bow                [Unskilled]
   sling              [Unskilled]
   crossbow           [Unskilled]
   dart               [Basic]
   shuriken           [Unskilled]
   boomerang          [Unskilled]
   whip               [Unskilled]
   unicorn horn       [Unskilled]
 Spellcasting Skills
   divination spells  [Unskilled]
   enchantment spells [Unskilled]
   escape spells      [Unskilled]

Voluntary challenges:
 Character rerolling was not enabled.
 You were an atheist.
 You never hit with a wielded weapon.
 You never genocided any monsters.
 You never polymorphed an object.
 You never changed form.
 You used no wishes.
Achievements:
 You entered a shop.
 You entered the Gnomish Mines.

 The Dungeons of Doom: levels 1 to 3
    Level 1:
       A fountain.
    Level 2:
       A wand shop.
       Stairs down to The Gnomish Mines.
    Level 3:
 The Gnomish Mines:
    Level 3: <- You were here.
       Final resting place for
          you, killed by a dwarf.


Vanquished creatures:
  a dwarf
  a hobbit
  8 gnomes
  8 jackals
  a kobold
  a goblin
  3 sewer rats
  2 grid bugs
  a lichen
  a newt
27 creatures vanquished.

No species were genocided or became extinct.

Game over:
                       ----------
                      /          \
                     /    REST    \
                    /      IN      \
                   /     PEACE      \
                  /                  \
                  |    DiePARTEI     |
                  |      549 Au      |
                  |   killed by a    |
                  |      dwarf       |
                  |                  |
                  |                  |
                  |       2026       |
                 *|     *  *  *      | *
        _________)/\\_//(\/(/\)/\//\/|_)_______

Aloha DiePARTEI the Tourist...

You died in The Gnomish Mines on dungeon level 3 with 345 points,
and 549 pieces of gold, after 941 moves.
You were level 2 with a maximum of 23 hit points when you died.

